 Dungeon Crawl Stone Soup version 0.30.1-11-g7821555f0a (webtiles) character file.

Game seed: 24584053182923099

231 Peloso the Slasher (level 5, -5/47 HPs)
             Began as a Minotaur Fighter on Dec 12, 2023.
             Slain by an ogre
             ... wielding a +0 giant club
              (25 damage)
             ... on level 5 of the Dungeon.
             The game lasted 00:04:24 (3376 turns).

Peloso the Slasher (Minotaur Fighter)               Turns: 3376, Time: 00:04:25

Health: -5/47      AC:  9    Str: 21    XL:     5   Next: 72%
Magic:  4/4        EV:  8    Int:  5    God:
Gold:   257        SH:  5    Dex: 17    Spells: 4/4 levels left

rFire   . . .        a - +0 long sword
rCold   . . .        d - +0 buckler
rNeg    . . .        c - +0 chain mail
rPois   .            (helmet restricted)
rElec   .            (no cloak)
rCorr   .            (no gloves)
SInv    +            (no boots)
Will    .....        (no amulet) Stlth
                     p - +6 ring of dexterity
HPRegen 0.27/turn    l - ring of see invisible
MPRegen 0.09/turn

%: no passive effects
@: no status effects
A: horns 2, retaliatory headbutt
a: no special abilities


You were on level 5 of the Dungeon.
You visited 2 branches of the dungeon, and saw 6 of its levels.

You collected 257 gold pieces.

Inventory:

Hand Weapons
 a - a +0 long sword (weapon)
Armour
 b - a +0 scale mail
 c - a +0 chain mail (worn)
 d - a +0 buckler (worn)
Jewellery
 l - a ring of see invisible (right hand)
 p - a +6 ring of dexterity (left hand)
Wands
 t - a wand of iceblast (8)
 w - a wand of paralysis (4)
Scrolls
 e - 4 scrolls of teleportation
 f - 2 scrolls of vulnerability {unknown}
 g - 2 scrolls of identify {unknown}
 h - 3 scrolls of fog {unknown}
 j - 2 scrolls of acquirement {unknown}
 k - 4 scrolls of magic mapping {unknown}
 m - a scroll of enchant armour {unknown}
 s - a scroll of immolation {unknown}
 v - a scroll of blinking {unknown}
Potions
 i - 4 potions of curing
 n - 4 potions of heal wounds {unknown}
 o - a potion of attraction {unknown}
 q - 2 potions of brilliance
 r - a potion of might
 u - a potion of lignification {unknown}
 x - a potion of magic {unknown}


   Skills:
 + Level 4.6 Fighting
 + Level 5.0 Long Blades
 + Level 4.7 Armour
 + Level 1.5 Dodging
 + Level 0.2 Stealth
 + Level 4.3 Shields


You had 4 spell levels left.
You didn't know any spells.
Your spell library contained the following spells:

 Spells                   Type           Power      Damage    Failure   Level
 Lesser Beckoning         Tloc           0%         N/A       100%        2
 Gell's Gravitas          Tloc           0%         N/A       100%        3
 Teleport Other           Tloc           0%         N/A       100%        3


Dungeon Overview and Level Annotations

Branches:
Dungeon (5/15)             Temple (1/1) D:4

Altars:
Ashenzari
Hepliaklqana
Kikubaaqudgha
Makhleb
Nemelex Xobeh
Qazlal
Ru
Sif Muna
Trog
Vehumet
Wu Jian
Xom
Yredelemnul
The Shining One

Annotations:
D:4 2 transporters


Innate Abilities, Weirdness & Mutations

You have a pair of horns on your head.
You reflexively headbutt those who attack you in melee.


Message History

There is a stone staircase leading down here.
You climb downwards.
There is a stone staircase leading up here.
Sorry, I don't know how to get there.
A hound comes into view.
The hound barks!
A worm comes into view.
There are monsters nearby!
There are monsters nearby!
You barely miss the hound. The hound bites you but does no damage.
The hound closely misses you. You furiously retaliate!
You headbutt the hound. You slash the hound!
The hound is severely wounded.
The hound bites you but does no damage.
An ogre comes into view. It is wielding a +0 giant club.
The hound barely misses you. You furiously retaliate!
You headbutt the hound!
You kill the hound!
Your Long Blades skill increases to level 5!
You hit the worm.
The worm is moderately wounded.
You block the worm's attack.
You hit the worm.
You headbutt the worm, but do no damage.
The worm is heavily wounded.
You slash the worm!
You kill the worm!
The ogre shouts!
You see here a worm corpse.
You hit the ogre.
The ogre is lightly wounded.
The ogre hits you with a +0 giant club!!
Ouch! That really hurt!
You hit the ogre. You headbutt the ogre!
The ogre is heavily wounded.
The ogre hits you with a +0 giant club.
You hit the ogre.
The ogre is severely wounded.
The ogre hits you with a +0 giant club!!
Ouch! That really hurt!
You die...

## #. #.
#####.####
#
........#
.#
#.#..#.#.#
#.......##
#.@O†..# #
##†##...#
##.##.##.#
..#
.......<.#
.#
......##.#
.O .....
#.# #.
.... #.#
... #.. ..
#..


You could see an ogre.

Vanquished Creatures
  A hound (D:5)
  Jessica (D:3)
  An orc wizard (D:4)
  Ijyb (D:3)
  3 adders
  4 worms
  6 dart slugs
  3 orcs
  8 ball pythons
  5 bats
  6 endoplasms
  A giant cockroach (D:4)
  9 hobgoblins
  3 jackals (D:1)
  4 quokkas
  3 frilled lizards
  8 goblins
  6 kobolds
  4 rats
77 creatures vanquished.

Notes
Turn   | Place    | Note
-------+----------+-------------------------------------------
     0 | D:1      | Peloso the Minotaur Fighter began the quest for the Orb.
     0 | D:1      | Reached XP level 1. HP: 19/19 MP: 0/0
   124 | D:1      | Reached XP level 2. HP: 27/27 MP: 1/1
   254 | D:1      | Reached skill level 3 in Long Blades
   254 | D:1      | Reached XP level 3. HP: 29/33 MP: 2/2
   748 | D:2      | Reached skill level 1 in Dodging
  1144 | D:2      | Found a shimmering altar of Xom.
  1409 | D:2      | Reached XP level 4. HP: 40/40 MP: 3/3
  2008 | D:3      | Noticed Jessica
  2014 | D:3      | Killed Jessica
  2015 | D:3      | Reached skill level 4 in Long Blades
  2345 | D:3      | Noticed Ijyb
  2359 | D:3      | Killed Ijyb
  2360 | D:3      | Reached XP level 5. HP: 41/47 MP: 4/4
  2435 | D:4      | Found a basalt altar of Yredelemnul.
  2453 | D:4      | Found a transporter.
  2474 | D:4      | Found a transporter.
  2616 | D:4      | Found a shimmering altar of Xom.
  2702 | D:4      | Found a staircase to the Ecumenical Temple.
  2712 | Temple   | Entered the Ecumenical Temple
  2712 | Temple   | Noticed an Executioner
  2712 | Temple   | Noticed a chaos spawn
  2712 | Temple   | Noticed a sun demon
  2713 | Temple   | Noticed Ziacrosm the pandemonium lord
  2713 | Temple   | Noticed Hytikipn the pandemonium lord
  2714 | Temple   | Noticed an ice devil
  2714 | Temple   | Noticed a Hell Sentinel
  2716 | Temple   | Noticed Egenatev the pandemonium lord
  2741 | Temple   | Noticed an Executioner
  2756 | Temple   | Noticed a neqoxec
  2757 | Temple   | Noticed Letem the pandemonium lord
  2774 | Temple   | Noticed Impad the pandemonium lord
  2784 | Temple   | Noticed Neycrow the pandemonium lord
  3354 | D:5      | Entered Level 5 of the Dungeon
  3361 | D:5      | Noticed an ogre
  3362 | D:5      | Reached skill level 5 in Long Blades
  3376 | D:5      | Slain by an ogre

Illustrated notes

Levels and vault maps discovered:
D:1:      minmay_arrival_pointy, layout_rooms, minmay_tall_x
D:2:      layout_basic, basic_altar
D:3:      layout_basic, serial_bayou_crossing, uniq_ijyb, uniq_jessica
D:4:      gammafunk_steamed_eel, layout_loops_ring, lemuel_crystal_altar,
          mainiacjoe_overflow_chevrons, minmay_temple_entry_ruins,
          kennysheep_cross_bottleneck, saegor_snake_ambush
D:5:      layout_loops_cross, uniq_pikel, uniq_sigmund
Temple:   nicolae_temple_panitentiary

Skill      XL: |  1  2  3  4  5 |
---------------+----------------+-----
Fighting       | 4 |  4.6
Shields        | 4 |  4.3
Armour         | 4 |  4.7
Long Blades    | 3 4 5 |  5.0
Dodging        | 1 |  1.5
Stealth        | |  0.2

Action                     |  1- 3 |  4- 6 || total
---------------------------+-------+-------++-------
  Melee: Long sword        |   100 |   109 ||   209
         Headbutt          |    14 |    16 ||    30
    Use: Potion            |     2 |       ||     2
         Scroll            |     1 |       ||     1
 Armour: Scale mail        |    52 |    14 ||    66
         Chain mail        |       |    42 ||    42
  Dodge: Dodged            |    54 |    35 ||    89
  Block: Buckler           |     8 |    25 ||    33
